 Dungeon Crawl Stone Soup version 0.22-b1-59-g0aedee7 (webtiles) character file.

8215 Doobh the Slicer (level 11, -1/68 HPs)
             Began as a Kobold Assassin on Aug 10, 2018.
             Was a Priest of Dithmenos.
             Slain by Harold
             ... wielding a +1 glaive of flaming
              (9 damage)
             ... on level 9 of the Dungeon.
             The game lasted 00:47:20 (12998 turns).

Doobh the Slicer (Kobold Assassin)                 Turns: 12998, Time: 00:47:20

Health: -1/68      AC:  7    Str: 10    XL:     11   Next: 51%
Magic:  11/11      EV: 22    Int: 12    God:    Dithmenos [***...]
Gold:   459        SH:  0    Dex: 19    Spells: 10/10 levels left

rFire    . . .     SeeInvis .   f - +1 dagger (elec)
rCold    + + .     Gourm    .   (shield restricted)
rNeg     + . .     Faith    .   H - +0 robe {rN+}
rPois    .         Spirit   .   z - +0 helmet
rElec    .         Reflect  .   F - +2 cloak of the Moon Troll {rC++}
rCorr    .         Harm     .   w - +0 pair of gloves
MR       .....                  (no boots)
Stlth    +++++++...             (no amulet)
HPRegen  0.21/turn              (no ring)
MPRegen  0.12/turn              (no ring)

@: marked, wreathed by umbra
A: small, carnivore
a: Shadow Step, Renounce Religion


You were on level 9 of the Dungeon.
You worshipped Dithmenos.
Dithmenos was most pleased with you.
You were very full.

You visited 2 branches of the dungeon, and saw 10 of its levels.
You also visited: Sewer.

You collected 459 gold pieces.

Inventory:

Hand Weapons
 b - a +0 blowgun
 f - a +1 dagger of electrocution (weapon)
 i - a +0 hunting sling of flaming
 s - a +6 dagger of venom
Missiles
 a - 31 sling bullets
 e - 57 poisoned needles
 k - 353 stones (quivered)
 G - 10 tomahawks
Armour
 h - a scarf of spirit shield
 w - a +0 pair of gloves (worn)
 z - a +0 helmet (worn)
 F - the +2 cloak of the Moon Troll (worn) {rC++}
   (You found it on level 8 of the Dungeon)

   It greatly protects you from cold.
 H - a +0 robe of positive energy (worn)
 K - a +1 cloak of invisibility
Jewellery
 c - a cursed ring of teleportation {unknown}
Wands
 d - a wand of clouds (7)
 m - a wand of digging (16)
 B - a wand of enslavement (21)
Scrolls
 l - 2 scrolls of teleportation
 n - a scroll of blinking {unknown}
 y - 8 scrolls of remove curse
 C - 2 scrolls of magic mapping
 D - a scroll of vulnerability
 J - a scroll of enchant armour
Potions
 j - 4 potions of agility
 o - a potion of heal wounds
 p - 2 potions of degeneration {unknown}
 q - 4 potions of lignification
 r - a potion of mutation {unknown}
 t - 2 potions of haste
 u - 4 potions of magic
 v - 2 potions of flight {unknown}
 x - 5 potions of curing
 A - a potion of berserk rage
 E - a potion of brilliance
Comestibles
 g - 19 rations


   Skills:
 + Level 7.9 Fighting
 * Level 12.9 Short Blades
 + Level 0.0(4.4) Slings
 - Level 8.0 Throwing
 + Level 8.3 Dodging
 + Level 11.3 Stealth


You had 10 spell levels left.
You didn't know any spells.
Your spell library was empty.

Dungeon Overview and Level Annotations

Branches:
Dungeon (9/15)             Temple (1/1) D:4            Lair (0/6) D:8
    Orc (0/2) D:9

Altars:
Ashenzari
Cheibriados
Dithmenos
Elyvilon
Fedhas
Gozag
Hepliaklqana
Kikubaaqudgha
Makhleb
Nemelex Xobeh
Okawaru
Qazlal
Ru
Sif Muna
Trog
Uskayaw
Vehumet
Wu Jian
Xom
Yredelemnul
Zin
The Shining One
Beogh

Annotations:
D:8 3 runed doors, morik's ghost, novice DrTm
D:9 Harold


Innate Abilities, Weirdness & Mutations

You are small and have problems with some larger weapons.
You are carnivorous and can eat meat at any time.


Message History

You hit Harold.
Harold is almost dead.
Harold hits you with a glaive of flaming!!
* * * LOW HITPOINT WARNING * * *
Harold burns you.
* * * LOW HITPOINT WARNING * * *
You feel much better.
You barely miss Harold.
Harold is almost dead.
Harold says, "I was hoping my final job would be more of a challenge, but money is money."
Harold hits you with a glaive of flaming!
Harold burns you.
You hit Harold but do no damage.
Harold is almost dead.
You hit Harold but do no damage.
Harold is almost dead.
Harold hits you with a glaive of flaming!!
* * * LOW HITPOINT WARNING * * *
Harold burns you!
You die...

#######.............
....................
...........#########
########...#########
############............
........................
........................
........................
.....(@@..(....<........
..............[)........
...(.................(..
###############.(.......
#############..#######
......................
......................
....................))
........###########..#


You could see Harold.

Vanquished Creatures
  2 two-headed ogres
  An elephant (D:8)
  Maurice (D:9)
  Psyche (D:8)
  A troll (D:9)
  5 hippogriffs
  5 yaks (D:8)
  A hungry ghost (D:6)
  A basilisk (D:8)
  Purgy (Sewer)
  An ice beast (D:7)
  4 orc warriors
  2 sky beasts
  A black bear (D:4)
  2 ogres
  5 centaurs
  4 phantoms
  A crocodile (D:8)
  A big kobold (D:9)
  A gnoll sergeant (D:8)
  A bullfrog (D:7)
  3 scorpions
  8 killer bees
  An electric eel (D:6)
  A howler monkey (D:6)
  3 crimson imps
  A bullfrog zombie (D:6)
  5 orc priests
  A centaur skeleton (D:9)
  3 hounds
  9 orc wizards
  A bullfrog skeleton (D:5)
  An iguana (D:7)
  5 worker ants
  A howler monkey zombie (D:7)
  Robin (D:4)
  A worker ant zombie (D:9)
  16 gnolls
  15 adders
  An ooze (D:1)
  3 adder skeletons
  3 worms
  4 dart slugs
  6 leopard geckos
  30 orcs
  4 giant cockroaches
  16 goblins
  10 hobgoblins
  5 jackals
  15 kobolds
  6 quokkas
  4 ball pythons
  12 bats
  2 frilled lizards
  3 leopard gecko zombies
  A quokka skeleton (D:6)
  A rat (D:1)
244 creatures vanquished.

Vanquished Creatures (others)
  An adder (D:6)
1 creature vanquished.

Grand Total: 245 creatures vanquished

Notes
Turn   | Place    | Note
-------+----------+-------------------------------------------
     0 | D:1      | Doobh the Kobold Assassin began the quest for the Orb.
     0 | D:1      | Reached XP level 1. HP: 12/12 MP: 1/1
   141 | D:1      | Reached XP level 2. HP: 17/17 MP: 2/2
   196 | D:1      | Reached skill level 3 in Short Blades
   529 | D:1      | Reached XP level 3. HP: 19/21 MP: 3/3
  1320 | D:2      | Reached XP level 4. HP: 26/27 MP: 2/4
  1815 | D:3      | Reached skill level 4 in Short Blades
  1833 | D:3      | Reached XP level 5. HP: 17/31 MP: 5/5
  2024 | D:3      | Found a glowing golden altar of the Shining One.
  2066 | D:3      | Found a shimmering altar of Xom.
  2451 | D:2      | Reached XP level 6. HP: 27/37 MP: 6/6
  2779 | D:3      | Reached skill level 5 in Short Blades
  3355 | D:4      | Found a staircase to the Ecumenical Temple.
  3373 | Temple   | Entered the Ecumenical Temple
  3485 | Temple   | Became a worshipper of Dithmenos the Shadowed
  3522 | D:4      | Noticed Robin
  3642 | D:4      | Killed Robin
  4130 | D:4      | Noticed a black bear
  4141 | D:4      | Killed a black bear
  4141 | D:4      | Reached XP level 7. HP: 41/41 MP: 7/7
  4433 | D:5      | Entered Level 5 of the Dungeon
  4473 | D:5      | Reached skill level 6 in Short Blades
  4503 | D:5      | Found a glowing drain.
  4519 | Sewer    | Entered a sewer
  4657 | Sewer    | Noticed Purgy
  4659 | Sewer    | Killed Purgy
  4844 | D:5      | Reached * piety under Dithmenos
  4902 | D:5      | Reached XP level 8. HP: 45/48 MP: 8/8
  5038 | D:5      | Reached skill level 7 in Short Blades
  6266 | D:6      | Reached skill level 8 in Short Blades
  6671 | D:6      | Reached skill level 5 in Throwing
  6671 | D:6      | Reached XP level 9. HP: 41/53 MP: 7/9
  6678 | D:6      | Reached skill level 5 in Dodging
  6683 | D:6      | Reached ** piety under Dithmenos
  6970 | D:7      | Reached skill level 5 in Fighting
  7239 | D:7      | Reached skill level 9 in Short Blades
  7259 | D:7      | Noticed a hippogriff
  7359 | D:6      | Killed a hippogriff
  7632 | D:7      | Noticed a two-headed ogre
  7675 | D:7      | Killed a two-headed ogre
  7675 | D:7      | Reached skill level 10 in Short Blades
  7684 | D:7      | Reached XP level 10. HP: 60/60 MP: 10/10
  7958 | D:7      | Found a glowing silver altar of Zin.
  7988 | D:7      | Found a deep blue altar of Sif Muna.
  8196 | D:8      | Found a staircase to the Lair.
  8196 | D:8      | Noticed an elephant
  8507 | D:8      | Got a pitted cloak
  8759 | D:8      | Found an opulent altar of Gozag.
  8760 | D:8      | Found a runed gate.
  8760 | D:8      | Found a runed gate.
  8761 | D:8      | Found a runed gate.
  8762 | D:8      | Noticed morik's ghost (novice DrTm)
  8762 | D:8      | Noticed a flayed ghost
  8764 | D:8      | Noticed a brown ugly thing
  8792 | D:8      | Reached skill level 11 in Short Blades
  8792 | D:8      | Reached skill level 10 in Stealth
  8991 | D:8      | Noticed a two-headed ogre
  8998 | D:8      | Killed a two-headed ogre
  9013 | D:8      | Identified the +2 cloak of the Moon Troll {rC++} (You found it on level 8 of the Dungeon)
  9271 | D:8      | Killed an elephant
  9760 | D:8      | Found an opulent altar of Gozag.
 10419 | D:9      | Found a staircase to the Orcish Mines.
 10431 | D:9      | Noticed Psyche
 10444 | D:9      | Reached *** piety under Dithmenos
 10730 | D:8      | Killed Psyche
 10730 | D:8      | Reached skill level 12 in Short Blades
 10730 | D:8      | Reached XP level 11. HP: 56/67 MP: 11/11
 10803 | D:9      | Noticed Maurice
 10807 | D:9      | Killed Maurice
 10980 | D:9      | Found a hide-covered altar of Uskayaw.
 11032 | D:9      | Found a roughly hewn altar of Beogh.
 11833 | D:9      | Found a burning altar of Makhleb.
 11833 | D:9      | Noticed an Executioner
 12630 | D:9      | Noticed Harold
 12998 | D:9      | Slain by Harold

Skill      XL: |  1  2  3  4  5  6  7  8  9 10 11 |
---------------+----------------------------------+-----
Short Blades   | 3 4 5 6 8 10 12 | 12.9
Stealth        | 6 7 8 9 10 11 | 11.3
Dodging        | 2 3 4 6 7 8 |  8.3
Throwing       | 3 4 5 6 7 8 |  8.0
Fighting       | 3 4 5 7 |  7.9

Action                   |  1- 3 |  4- 6 |  7- 9 | 10-12 || total
-------------------------+-------+-------+-------+-------++-------
Melee: Dagger            |    56 |   162 |   243 |   382 ||   843
 Fire: Blowgun           |     7 |     7 |    11 |    33 ||    58
       Hunting sling     |    46 |    48 |    13 |    14 ||   121
Throw: Tomahawk          |       |       |     2 |     4 ||     6
       Stone             |       |       |       |     4 ||     4
  Use: Scroll            |     2 |     4 |    12 |     5 ||    23
       Potion            |       |       |       |     6 ||     6
 Stab: Sleeping          |     5 |    11 |    24 |     9 ||    49
       Distracted        |       |     1 |     1 |     1 ||     3
  Eat: Chunk             |     9 |     9 |    11 |    21 ||    50
Armor: Robe              |     8 |    10 |    11 |    42 ||    71
Dodge: Dodged            |    39 |   124 |   139 |   357 ||   659
